 Dungeon Crawl Stone Soup version 0.21.1-1-g345015f (webtiles) character file.

175 Fang the Chopper (level 5, -7/33 HPs)
             Began as a Gargoyle Berserker on May 23, 2018.
             Was a Believer of Trog.
             Killed by divine providence
             ... invoked by an orc priest
              (10 damage)
             ... on level 3 of the Dungeon.
             The game lasted 00:02:31 (2476 turns).

Fang the Chopper (Gargoyle Berserker)               Turns: 2476, Time: 00:02:32

Health: -7/33      AC:  6    Str: 22    XL:     5   Next: 55%
Magic:  0/5        EV: 12    Int:  7    God:    Trog [**....]
Gold:   89         SH:  0    Dex: 11    Spells: 4/4 levels left

rFire    . . .     SeeInvis .   a - +0 hand axe
rCold    . . .     Gourm    .   (no shield)
rNeg     + . .     Faith    .   b - +0 animal skin
rPois    ∞         Spirit   +   (no helmet)
rElec    +         Reflect  .   (no cloak)
rCorr    .         Harm     .   (no gloves)
MR       .....                  (no boots)
Stlth    +.........             j - amulet of guardian spirit
HPRegen  0.11/turn              f - +2 ring of dexterity
MPRegen  0.09/turn              (no ring)

@: no status effects
A: negative energy resistance 1, electricity resistance, unbreathing,
petrification resistance, rot immunity, AC +4
a: Berserk, Trog's Hand, Burn Spellbooks, Renounce Religion


You were on level 3 of the Dungeon.
You worshipped Trog.
Trog was pleased with you.
You were hungry.

You visited 1 branch of the dungeon, and saw 3 of its levels.

You collected 89 gold pieces.

Inventory:

Hand Weapons
 a - a +0 hand axe (weapon)
Armour
 b - a +0 animal skin (worn)
Jewellery
 f - a +2 ring of dexterity (left hand)
 j - an amulet of guardian spirit (around neck)
Wands
 n - a wand of digging (13)
Scrolls
 d - a scroll of identify {unknown}
 g - a scroll of enchant armour {unknown}
 h - a scroll of teleportation {unknown}
 i - 4 scrolls of remove curse {unknown}
 m - a scroll of enchant weapon {unknown}
 p - a scroll of magic mapping {unknown}
 q - a scroll of amnesia {unknown}
Potions
 e - a potion of might {unknown}
 k - 3 potions of heal wounds {unknown}
 l - a potion of cancellation {unknown}
 o - a potion of resistance {unknown}
Comestibles
 c - 4 rations


   Skills:
 + Level 4.1 Fighting
 + Level 4.2 Axes
 + Level 2.2 Armour
 + Level 2.6 Dodging
 + Level 1.1 Stealth


You had 4 spell levels left.
You didn't know any spells.

Dungeon Overview and Level Annotations

Branches:
Dungeon (3/15)

Altars:
Okawaru
Yredelemnul

Annotations:
D:3 Grinder


Innate Abilities, Weirdness & Mutations

You are resistant to torment.
Your stone body is resilient. (AC +4)
You are immune to poison.
You resist negative energy. (rN+)
You are resistant to electric shocks. (rElec)
You can survive without breathing.
You are immune to petrification.
You are immune to rotting.


Message History

You recover from your berserk rage.
You start resting.
An orc priest comes into view. It is wielding a dagger.
An orc priest is nearby!
The orc priest shouts!
The orc priest mumbles some strange prayers to Beogh against you.
Beogh smites you!
Things that are here:
12 stones; an orc corpse The orc priest mumbles some strange prayers to Beogh against you.
Beogh smites you!
* * * LOW HITPOINT WARNING * * *
You see here a stone.
You see here a stone.
Things that are here:
a dagger; a robe; a jackal corpse You see here a stone.
The orc priest calls down the wrath of Beogh upon you.
Beogh smites you!
You die...

#####
#<@.###
#####.#..
#...((#.#
#.##))#.#
#.##.(#.#
#...)(o.#
###.#.....#
#........o..
############


You could see an orc priest.

Vanquished Creatures
  A hound (D:2)
  An orc wizard (D:3)
  Terence (D:2)
  2 adders (D:2)
  An ooze (D:2)
  2 worms (D:2)
  A dart slug (D:1)
  6 orcs
  7 bats
  A giant cockroach (D:1)
  5 goblins
  6 hobgoblins
  6 jackals
  5 frilled lizards
  4 kobolds
  11 rats
60 creatures vanquished.

Notes
Turn   | Place    | Note
-------+----------+-------------------------------------------
     0 | D:1      | Fang the Gargoyle Berserker began the quest for the Orb.
     0 | D:1      | Reached XP level 1. HP: 14/14 MP: 1/1
   121 | D:1      | Reached XP level 2. HP: 16/19 MP: 2/2
   586 | D:2      | Reached XP level 3. HP: 17/24 MP: 3/3
   614 | D:2      | Reached ** piety under Trog
  1004 | D:2      | Reached XP level 4. HP: 12/29 MP: 4/4
  1295 | D:2      | Noticed Terence
  1316 | D:2      | Killed Terence
  1368 | D:2      | Found a basalt altar of Yredelemnul.
  1368 | D:2      | Found an iron altar of Okawaru.
  1584 | D:2      | Found a faded altar of an unknown god.
  1592 | D:2      | Reached XP level 5. HP: 33/33 MP: 3/5
  2093 | D:3      | Noticed Grinder
  2096 | D:3      | Paralysed by Grinder for 7 turns
  2405 | D:3      | Reached skill level 1 in Stealth
  2476 | D:3      | Killed from afar by an orc priest

Skill      XL: |  1  2  3  4  5 |
---------------+----------------+-----
Axes           | 3 4 |  4.2
Dodging        | 2 |  2.6
Fighting       | 4 |  4.1
Stealth        | 1 |  1.1
Armour         | |  2.2

Action                   |  1- 3 |  4- 6 || total
-------------------------+-------+-------++-------
Melee: Hand axe          |   124 |   101 ||   225
Invok: Berserk           |       |     4 ||     4
  Eat: Chunk             |       |     5 ||     5
       Ration            |       |     1 ||     1
Armor: Animal skin       |    48 |    42 ||    90
Dodge: Dodged            |    98 |    86 ||   184
